 Dungeon Crawl Stone Soup version 0.24-a0-434-gd57e52fea8 (webtiles) character file.

Game seed: 6690243746446384277

125 tilp the Cudgeler (level 4, -12/35 HPs)
             Began as a Demonspawn Chaos Knight on June 16, 2019.
             Was a Plaything of Xom.
             Killed by divine providence
             ... invoked by an orc priest
              (15 damage)
             ... on level 3 of the Dungeon.
             The game lasted 00:05:04 (1561 turns).

tilp the Cudgeler (Demonspawn Chaos Knight)         Turns: 1561, Time: 00:05:06

Health: -12/35     AC:  7    Str: 13    XL:     4   Next: 82%
Magic:  4/4        EV: 11    Int: 14    God:    Xom [*.....]
Gold:   89         SH:  0    Dex: 12    Spells: 3/3 levels left

rFire    . . .     SeeInvis .   a - +0 mace (chaos)
rCold    . . .     Gourm    .   (no shield)
rNeg     . . .     Faith    .   b - +2 leather armour
rPois    .         Spirit   .   (no helmet)
rElec    .         Reflect  .   (no cloak)
rCorr    .         Harm     .   (no gloves)
MR       .....                  (no boots)
Stlth    +.........             (no amulet)
HPRegen  0.11/turn              (no ring)
MPRegen  0.09/turn              (no ring)

@: no status effects
A: talons 1, thin metallic scales 1, powered by death 1
a: Renounce Religion


You were on level 3 of the Dungeon.
You worshipped Xom.
You were a special plaything of Xom.
You were not hungry.

You visited 1 branch of the dungeon, and saw 3 of its levels.

You collected 89 gold pieces.

Inventory:

Hand Weapons
 a - a +0 mace of chaos (weapon)
Missiles
 k - a stone (quivered)
Armour
 b - a +2 leather armour (worn)
Jewellery
 m - an uncursed ring of magical power {unknown}
 q - a cursed ring of see invisible {unknown}
Scrolls
 d - a scroll of immolation {unknown}
 h - a scroll of amnesia {unknown}
 i - a scroll of enchant armour {unknown}
 n - a scroll of teleportation {unknown}
 p - a scroll of blinking {unknown}
 r - a scroll of fear {unknown}
Potions
 e - 2 potions of might
 g - 2 potions of lignification
 j - a potion of curing {unknown}
 o - a potion of heal wounds {unknown}
Comestibles
 c - 5 rations
 l - a chunk of flesh


   Skills:
 - Level 3.0 Fighting
 * Level 5.1 Maces & Flails
 - Level 1.7 Armour
 - Level 0.8 Dodging


You had 3 spell levels left.
You didn't know any spells.
Your spell library was empty.

Dungeon Overview and Level Annotations

Branches:
Dungeon (3/15)

Altars:
Kikubaaqudgha


Innate Abilities, Weirdness & Mutations

You are partially covered in thin metallic scales. (AC +2)
You regenerate a little health from kills.
You have sharp toenails.


Message History

The orc priest hits you but does no damage.
You barely miss the orc priest. Your kick misses the orc priest.
The orc priest hits you with a +0 falchion.
You hit the orc priest. Your kick misses the orc priest.
The orc priest is lightly wounded.
You hit the orc priest. You drain the orc priest.
The orc priest is heavily wounded.
The orc priest hits you with a +0 falchion.
You closely miss the orc. Your kick misses the orc.
The orc completely misses you.
You closely miss the orc. You claw the orc, but do no damage.
The orc barely misses you.
You closely miss the orc.
You hear Xom's maniacal laughter.
A wave of violent energy washes through your body!
* * * LOW HITPOINT WARNING * * *
The orc priest invokes the aid of Beogh against you.
Beogh smites you!
You die...
Xom is highly amused!

##########
.......)o#
########o#
#@# #.#
#.# #.#
#.# #.#
#.# #.#
#.#


You could see an orc priest and an orc.

Vanquished Creatures
  An orc priest (D:3)
  A hound skeleton (D:2)
  An adder (D:2)
  An ooze (D:1)
  A worm (D:2)
  2 dart slugs
  4 leopard geckos
  An orc (D:3)
  8 bats
  3 giant cockroaches
  2 goblins (D:1)
  6 hobgoblins
  4 jackals
  9 kobolds
  A quokka (D:2)
  6 frilled lizards
  3 rats
54 creatures vanquished.

Notes
Turn   | Place    | Note
-------+----------+-------------------------------------------
     0 | D:1      | tilp the Demonspawn Chaos Knight began the quest for the
                  | Orb.
     0 | D:1      | Reached XP level 1. HP: 18/18 MP: 1/1
    15 | D:1      | XOM: silly message
    56 | D:1      | Reached skill level 3 in Maces & Flails
    84 | D:1      | Gained mutation: You are partially covered in thin metallic
                  | scales. (AC +2) [demonic ancestry]
    84 | D:1      | Reached XP level 2. HP: 24/24 MP: 2/2
   313 | D:1      | Gained mutation: You regenerate a little health from kills.
                  | [demonic ancestry]
   313 | D:1      | Reached XP level 3. HP: 29/29 MP: 3/3
   345 | D:1      | Reached skill level 4 in Maces & Flails
   665 | D:1      | XOM: summons 1 hostile demon
   882 | D:2      | XOM: give mutation
   882 | D:2      | Gained mutation: You have sharp toenails. [Xom's mischief]
   889 | D:2      | Reached XP level 4. HP: 20/35 MP: 4/4
   994 | D:2      | Found an ancient bone altar of Kikubaaqudgha.
  1095 | D:2      | XOM: medium Air miscast
  1111 | D:2      | XOM: mild Hex miscast
  1359 | D:2      | XOM: blink monster(s)
  1541 | D:3      | Reached skill level 5 in Maces & Flails
  1561 | D:3      | XOM: mild Conj miscast
  1561 | D:3      | Killed from afar by an orc priest

Levels and vault maps discovered:
D:1:      psy_arrival_basics, layout_basic, ebering_dispersal_statue_hall,
          minmay_vboxes
D:2:      layout_rooms, lemuel_crystal_altar, serial_park_tiny_2
D:3:      layout_basic

Skill      XL: |  1  2  3  4 |
---------------+-------------+-----
Maces & Flails | 3 4 5 |  5.1
Fighting       | |  3.0
Armour         | |  1.7
Dodging        | |  0.8

Action                   |  1- 3 |  4- 6 || total
-------------------------+-------+-------++-------
Melee: Mace              |   109 |    53 ||   162
       Kick              |     1 |    13 ||    14
  Use: Scroll            |       |     2 ||     2
 Stab: Paralysed         |     1 |       ||     1
  Eat: Chunk             |       |     2 ||     2
Armor: Leather armour    |    56 |    16 ||    72
Dodge: Dodged            |    68 |    24 ||    92

Table legend:
 A = Non-vault XP
 B = Vault XP
 C = Vault XP percentage of total XP
 D = Non-vault monster count
 E = Vault monster count
 F = Vault count percentage of total count
                 A         B        C        D         E       F
            +---------+---------+-------+---------+---------+-------
      Total |     163 |      16 |   8.9 |      46 |       8 |  14.8
            +---------+---------+-------+---------+---------+-------
        D:1 |      42 |      16 |  27.6 |      21 |       8 |  27.6
        D:2 |      77 |       0 |   0.0 |      23 |       0 |   0.0
        D:3 |      44 |       0 |   0.0 |       2 |       0 |   0.0
            +---------+---------+-------+---------+---------+-------
